AA
MEDFORD ALOUETTES @ TUCSON CHAMELEONS
04/29/2099
 
TOP OF THE 1ST
Bakersfield Otters batting - Pitching for Chicago Dogs : RHP Curtis Kalavina
Pitching: RHP Curtis Kalavina
Batting: RHB Adam Fox 0-0: Ball
1-0: Called Strike
1-1: Called Strike
1-2: Strikes out swinging
Batting: SHB Matt Rabinowitz 0-0: Ball
1-0: Ball
2-0: Ball
3-0: Called Strike
3-1: Base on Balls
Batting: LHB Eric Rys 0-0: Ball
1-0: Swinging Strike
1-1: Ball
2-1: Ball
3-1: Base on Balls
Matt Rabinowitz to second
Batting: RHB Mike Neuroth 0-0: Ball
1-0: Ball
2-0: Called Strike
2-1: Fly out, F7 (Flyball, 78D, EV 91.3 MPH)
Batting: LHB Chris Fitzsimonds 0-0: Ball
1-0: Foul Ball, location: 2LF
1-1: Ball
2-1: Called Strike
2-2: Foul Ball, location: 3F
2-2: Strikes out swinging
Top of the 1st over - 0 runs, 0 hits, 0 errors, 2 left on base; Bakersfield 0 - Chicago 0
BOTTOM OF THE 1ST
Chicago Dogs batting - Pitching for Bakersfield Otters : RHP Tony Saldivar
Pitching: RHP Tony Saldivar
Batting: LHB Nick Skowronski 0-0: Called Strike
0-1: Ball
1-1: Ball
2-1: Foul Ball, location: 25F
2-2: Ball
3-2: Strikes out swinging
Batting: LHB Larry Strike 0-0: Swinging Strike
0-1: Fly out, F8 (Flyball, 78M, EV 91.9 MPH)
Batting: LHB Jesse Hansen 0-0: Ball
1-0: Ground out 1-3 (Groundball, 13, EV 65.6 MPH)
Bottom of the 1st over - 0 runs, 0 hits, 0 errors, 0 left on base; Bakersfield 0 - Chicago 0
TOP OF THE 2ND
Bakersfield Otters batting - Pitching for Chicago Dogs : RHP Curtis Kalavina
Batting: RHB Jesse Dykstra 0-0: Ball
1-0: Ball
2-0: Called Strike
2-1: Foul Ball, location: 9LMFF
2-2: Strikes out swinging
Batting: RHB Edgar Cruz 0-0: Called Strike
0-1: Swinging Strike
0-2: Ball
1-2: Foul Ball, location: 2F
1-2: Strikes out swinging
Batting: SHB Nick Dove 0-0: Called Strike
0-1: Ball
1-1: Ball
2-1: Swinging Strike
2-2: Strikes out swinging
Top of the 2nd over - 0 runs, 0 hits, 0 errors, 0 left on base; Bakersfield 0 - Chicago 0
BOTTOM OF THE 2ND
Chicago Dogs batting - Pitching for Bakersfield Otters : RHP Tony Saldivar
Batting: RHB Julio Reynoso 0-0: Ball
1-0: SINGLE (Flyball, 89S, EV 96.9 MPH)
Batting: LHB Eddy Basave 0-0: Ball
Wild Pitch!
Julio Reynoso to second
1-0: Called Strike
1-1: Ball
2-1: Ball
3-1: Swinging Strike
3-2: Base on Balls
Batting: RHB Lazaro Alvarez 0-0: Ball
Wild Pitch!
Julio Reynoso to third
Eddy Basave to second
1-0: Fly out, F6 (Popup, 4M, EV 64.4 MPH)
Batting: RHB Cameron McCrary 0-0: Fly out, F8 (Flyball, 8LXD, EV 81.9 MPH)
Runner from 3rd tags up, SCORES, no throw by CF
Batting: SHB Braeden Wilson 0-0: Ball
1-0: Ground out 1-3 (Groundball, 13S, EV 67.5 MPH)
Bottom of the 2nd over - 1 run, 1 hit, 0 errors, 1 left on base; Bakersfield 0 - Chicago 1
TOP OF THE 3RD
Bakersfield Otters batting - Pitching for Chicago Dogs : RHP Curtis Kalavina
Batting: RHB Jonathan Corigliano 0-0: Called Strike
0-1: Foul Ball, location: 2F
0-2: Ball
1-2: Strikes out swinging
Batting: RHB Adam Fox 0-0: Called Strike
0-1: SINGLE (Groundball, 56D, EV 106.9 MPH)
Batting: SHB Matt Rabinowitz 0-0: Called Strike
0-1: Ball
1-1: Ball
2-1: Called Strike
2-2: Foul Ball, location: 2F
2-2: SINGLE (Groundball, 34D, EV 102.5 MPH)
Adam Fox to second
Runner from 2nd tries for 3rd, SAFE, throw by RF made to third
Batting: LHB Eric Rys 0-0: Foul Ball, location: 23F
0-1: Foul Ball, location: 3F
0-2: Ball
1-2: Ball
2-2: Foul Ball, location: 2F
2-2: Foul Ball, location: 3FF
2-2: Strikes out looking
Batting: RHB Mike Neuroth 0-0: Swinging Strike
0-1: Called Strike
0-2: Foul Ball, location: 9LSF
0-2: Fly out, F7 (Flyball, 78M, EV 96.3 MPH)
Top of the 3rd over - 0 runs, 2 hits, 0 errors, 2 left on base; Bakersfield 0 - Chicago 1
BOTTOM OF THE 3RD
Chicago Dogs batting - Pitching for Bakersfield Otters : RHP Tony Saldivar
Batting: RHB Richard Eidson 0-0: Called Strike
0-1: Ball
1-1: Ball
2-1: Ground out 6-3 (Groundball, 56, EV 81.9 MPH)
Batting: LHB Nick Skowronski 0-0: Called Strike
0-1: Ball
1-1: Ground out 6-3 (Groundball, 6D, EV 103.8 MPH)
Batting: LHB Larry Strike 0-0: TRIPLE (Flyball, 9LD, EV 95.0 MPH)
Batting: LHB Jesse Hansen 0-0: Swinging Strike
0-1: Fly out, F7 (Flyball, 78M, EV 91.9 MPH)
Bottom of the 3rd over - 0 runs, 1 hit, 0 errors, 1 left on base; Bakersfield 0 - Chicago 1
TOP OF THE 4TH
Bakersfield Otters batting - Pitching for Chicago Dogs : RHP Curtis Kalavina
Batting: LHB Chris Fitzsimonds 0-0: Ball
1-0: SINGLE (Groundball, 4, EV 100.0 MPH) (infield hit)
Batting: RHB Jesse Dykstra 0-0: Ball
1-0: Fly out, F3 (Popup, 34S, EV 84.4 MPH)
Batting: RHB Edgar Cruz 0-0: Ball
1-0: Ball
Chris Fitzsimonds steals 2nd base
2-0: Ball
3-0: Called Strike
3-1: Fly out, F7 (Flyball, 78M, EV 91.9 MPH)
Batting: SHB Nick Dove 0-0: Ball
1-0: Ball
2-0: Called Strike
2-1: Ball
3-1: Base on Balls
Batting: RHB Jonathan Corigliano 0-0: Fly out, F9 (Line Drive, 9, EV 91.3 MPH)
Top of the 4th over - 0 runs, 1 hit, 0 errors, 2 left on base; Bakersfield 0 - Chicago 1
BOTTOM OF THE 4TH
Chicago Dogs batting - Pitching for Bakersfield Otters : RHP Tony Saldivar
Batting: RHB Julio Reynoso 0-0: Ball
1-0: SINGLE (Line Drive, 8LS, EV 98.8 MPH)
Batting: LHB Eddy Basave 0-0: Foul Ball, location: 3FF
0-1: Ball
1-1: Grounds into double play, 3-6-1 (Groundball, 34S, EV 90.6 MPH)
Batting: RHB Lazaro Alvarez 0-0: Ball
1-0: DOUBLE (Line Drive, 89XD, EV 105.0 MPH)
Batting: RHB Cameron McCrary 0-0: Ball
1-0: Ball
2-0: Swinging Strike
2-1: Ball
3-1: Called Strike
3-2: Fly out, F7 (Flyball, 7LM, EV 95.6 MPH)
Bottom of the 4th over - 0 runs, 2 hits, 0 errors, 1 left on base; Bakersfield 0 - Chicago 1
TOP OF THE 5TH
Bakersfield Otters batting - Pitching for Chicago Dogs : RHP Curtis Kalavina
Pitching: RHP Jason Hawk
Now at 2B: Bill Miller
Now at 3B: Ricky Aguirre
Pinch Hitting: RHB Carlos Figueroa 0-0: Ball
1-0: Foul Ball, location: 3F
1-1: Ball
2-1: Ball
3-1: Called Strike
3-2: DOUBLE (Line Drive, 78D, EV 110.6 MPH)
Pinch Hitting: LHB Tim Sullivan 0-0: Ball
1-0: Ball
2-0: Ball
3-0: Called Strike
3-1: Base on Balls
Pinch Hitting: LHB Johnny Stoltz 0-0: Called Strike
0-1: Ball
Carlos Figueroa steals 3rd base
1-1: Grounds into double play, 4-6-3 (Groundball, 4, EV 94.4 MPH)
Carlos Figueroa scores
Pinch Hitting: RHB Nick Davis 0-0: Ball
1-0: Swinging Strike
1-1: Fly out, F8 (Flyball, 78D, EV 100.0 MPH)
Top of the 5th over - 1 run, 1 hit, 0 errors, 0 left on base; Bakersfield 1 - Chicago 1
BOTTOM OF THE 5TH
Chicago Dogs batting - Pitching for Bakersfield Otters : RHP Tony Saldivar
Pitching: RHP Rafael Nieves
Now at 1B: Tim Sullivan
Now at 2B: Nick Davis
Now at 3B: Carlos Cortez
Now in LF: Johnny Stoltz
Now in RF: Carlos Figueroa
Batting: SHB Braeden Wilson 0-0: Ball
1-0: Swinging Strike
1-1: Ball
2-1: DOUBLE (Line Drive, 89M, EV 107.5 MPH)
Batting: RHB Richard Eidson 0-0: Foul Ball, location: 23F
0-1: Ball
1-1: Swinging Strike
1-2: Strikes out swinging
Pinch Hitting: LHB Dave Tracy 0-0: Called Strike
0-1: Ball
1-1: Ground out 4-3 (Groundball, 4M, EV 79.4 MPH)
Batting: LHB Larry Strike 0-0: Ball
1-0: Foul Ball, location: 7LSF
1-1: Ball
2-1: Foul Ball, location: 2F
2-2: Fly out, F5 (Popup, 5F, EV 80.0 MPH)
Bottom of the 5th over - 0 runs, 1 hit, 0 errors, 1 left on base; Bakersfield 1 - Chicago 1
TOP OF THE 6TH
Bakersfield Otters batting - Pitching for Chicago Dogs : RHP Jason Hawk
Pitching: RHP Jordan Figueroa
Now at C: David Archer
Now in CF: Dave Tracy
Batting: SHB Carlos Cortez 0-0: Called Strike
0-1: Ball
1-1: Called Strike
1-2: Foul Ball, location: 25F
1-2: Strikes out swinging
Batting: RHB Jesse Dykstra 0-0: Ball
1-0: Swinging Strike
1-1: Called Strike
1-2: Ball
2-2: Strikes out swinging
Batting: RHB Edgar Cruz 0-0: Ball
1-0: Ball
2-0: Fly out, F8 (Line Drive, 78M, EV 88.1 MPH)
Top of the 6th over - 0 runs, 0 hits, 0 errors, 0 left on base; Bakersfield 1 - Chicago 1
BOTTOM OF THE 6TH
Chicago Dogs batting - Pitching for Bakersfield Otters : RHP Rafael Nieves
Pitching: RHP Luis Cerna
Batting: RHB Bill Miller 0-0: Called Strike
0-1: Ball
1-1: SINGLE (Line Drive, 4MD, EV 105.0 MPH)
Pinch Hitting: RHB Keith Miller 0-0: Ball
1-0: Called Strike
1-1: Ball
2-1: Ball
3-1: Swinging Strike
3-2: SINGLE (Line Drive, 6D, EV 94.4 MPH)
Bill Miller to second
Batting: LHB Dave Haye 0-0: Ball
1-0: Called Strike
1-1: Ball
Wild Pitch!
Bill Miller to third
Keith Miller to second
2-1: Fly out, F7 (Line Drive, 78S, EV 101.9 MPH)
Batting: RHB Ricky Aguirre 0-0: Called Strike
0-1: Called Strike
0-2: Ball
1-2: Ball
2-2: SINGLE (Groundball, 4, EV 91.9 MPH) (infield hit)
Bill Miller scores
Keith Miller to third
Batting: RHB Cameron McCrary 0-0: Called Strike
0-1: Ball
1-1: Called Strike
1-2: Ball
2-2: Foul Ball, location: 9LDF
2-2: Fly out, F8 (Flyball, 8LM, EV 93.1 MPH)
Runner from 3rd tags up, SCORES, no throw by CF
Batting: SHB Braeden Wilson 0-0: Called Strike
0-1: Foul Ball, location: 7LMF
0-2: Ball
1-2: Ball
2-2: Hit by Pitch
Ricky Aguirre to second
Pitching: LHP Dan Rader
Batting: RHB David Archer 0-0: Called Strike
0-1: Ball
1-1: Foul Ball, location: 9LDF
1-2: Ball
2-2: Strikes out swinging
Bottom of the 6th over - 2 runs, 3 hits, 0 errors, 2 left on base; Bakersfield 1 - Chicago 3
TOP OF THE 7TH
Bakersfield Otters batting - Pitching for Chicago Dogs : RHP Jordan Figueroa
Pitching: RHP Juan Rivera
Now in RF: Keith Miller
Batting: RHB John Hansen 0-0: Ball
1-0: Foul Ball, location: 2F
1-1: Ball
2-1: Fly out, F6 (Popup, 6D, EV 66.9 MPH)
Batting: RHB Jonathan Corigliano 0-0: Swinging Strike
0-1: Called Strike
0-2: Foul Ball, location: 2F
0-2: Ball
1-2: Foul Ball, location: 2F
1-2: Foul Ball, location: 3FF
1-2: Ball
2-2: Ground out 3-1 (Groundball, 34S, EV 81.3 MPH)
Batting: RHB Carlos Figueroa 0-0: Ball
1-0: Foul Ball, location: 25F
1-1: Ball
2-1: Ball
3-1: Called Strike
3-2: Foul Ball, location: 2F
3-2: Foul Ball, location: 9LMF
3-2: Strikes out swinging
Top of the 7th over - 0 runs, 0 hits, 0 errors, 0 left on base; Bakersfield 1 - Chicago 3
BOTTOM OF THE 7TH
Chicago Dogs batting - Pitching for Bakersfield Otters : LHP Dan Rader
Pitching: RHP Juan Recendiz
Batting: LHB Dave Tracy 0-0: Called Strike
0-1: Foul Ball, location: 2F
0-2: Strikes out swinging
Batting: LHB Larry Strike 0-0: Swinging Strike
0-1: Fly out, F7 (Flyball, 7, EV 91.3 MPH)
Batting: RHB Bill Miller 0-0: Called Strike
0-1: Called Strike
0-2: Strikes out swinging, 2-3 out at first.
Bottom of the 7th over - 0 runs, 0 hits, 0 errors, 0 left on base; Bakersfield 1 - Chicago 3
TOP OF THE 8TH
Bakersfield Otters batting - Pitching for Chicago Dogs : RHP Juan Rivera
Pitching: LHP Robby Carson
Batting: LHB Tim Sullivan 0-0: Ball
1-0: Called Strike
1-1: Swinging Strike
1-2: Strikes out swinging
Batting: LHB Johnny Stoltz 0-0: Called Strike
0-1: Foul Ball, location: 5SF
0-2: SINGLE (Line Drive, 7S, EV 107.5 MPH)
Batting: RHB Nick Davis 0-0: Called Strike
0-1: Swinging Strike
0-2: Strikes out looking
Batting: SHB Carlos Cortez 0-0: Swinging Strike
0-1: Swinging Strike
0-2: 2-RUN HOME RUN (Flyball, 7D, EV 103.1 MPH), Distance : 394 ft
Batting: RHB Jesse Dykstra 0-0: Ball
1-0: Ball
2-0: Called Strike
2-1: Ball
3-1: Swinging Strike
3-2: Strikes out swinging
Top of the 8th over - 2 runs, 2 hits, 0 errors, 0 left on base; Bakersfield 3 - Chicago 3
BOTTOM OF THE 8TH
Chicago Dogs batting - Pitching for Bakersfield Otters : RHP Juan Recendiz
Batting: RHB Keith Miller 0-0: Called Strike
0-1: Ball
1-1: Swinging Strike
1-2: Foul Ball, location: 25F
1-2: Strikes out swinging
Batting: LHB Dave Haye 0-0: Ball
1-0: DOUBLE (Line Drive, 7LS, EV 90.6 MPH)
Batting: RHB Ricky Aguirre 0-0: Called Strike
0-1: Foul Ball, location: 2RF
0-2: Strikes out looking
Batting: RHB Cameron McCrary 0-0: Ball
1-0: Ball
2-0: Foul Ball, location: 9LDF
2-1: Called Strike
2-2: Strikes out swinging, 2-3 out at first.
Bottom of the 8th over - 0 runs, 1 hit, 0 errors, 1 left on base; Bakersfield 3 - Chicago 3
TOP OF THE 9TH
Bakersfield Otters batting - Pitching for Chicago Dogs : LHP Robby Carson
Pitching: LHP Randy Stanford
Batting: RHB Edgar Cruz 0-0: Ball
1-0: Ball
2-0: Swinging Strike
2-1: Ground out U3 (Groundball, 3, EV 106.9 MPH)
Batting: RHB John Hansen 0-0: Ball
1-0: SINGLE (Groundball, 4MD, EV 96.9 MPH)
Pinch Hitting: LHB Chris Weinert 0-0: Ball
1-0: Called Strike
1-1: Swinging Strike
1-2: Ball
2-2: SINGLE (Groundball, 34D, EV 96.9 MPH)
John Hansen to second
Runner from 2nd tries for 3rd, SAFE, throw by RF made to third
Batting: RHB Carlos Figueroa 0-0: Called Strike
0-1: Ball
1-1: Ball
Wild Pitch!
John Hansen scores
Chris Weinert to second
2-1: Foul Ball, location: 3F
2-2: Fly out, F9 (Flyball, 9LM, EV 92.5 MPH)
Batting: LHB Tim Sullivan 0-0: Called Strike
0-1: Swinging Strike
0-2: Ball
1-2: Strikes out looking
Top of the 9th over - 1 run, 2 hits, 0 errors, 1 left on base; Bakersfield 4 - Chicago 3
BOTTOM OF THE 9TH
Chicago Dogs batting - Pitching for Bakersfield Otters : RHP Juan Recendiz
Pitching: LHP Dan Taylor
Now at C: Chris Weinert
Batting: SHB Braeden Wilson 0-0: Foul Ball, location: 5F
0-1: Ball
1-1: Ball
2-1: Foul Ball, location: 9LSF
2-2: Foul Ball, location: 2F
2-2: Strikes out looking
Batting: RHB David Archer 0-0: Ball
1-0: Ball
2-0: Ball
3-0: Called Strike
3-1: Base on Balls
Batting: LHB Dave Tracy 0-0: Called Strike
0-1: Foul Ball, location: 5F
0-2: Foul Ball, location: 2F
0-2: Strikes out looking
Batting: LHB Larry Strike 0-0: Called Strike
0-1: Ball
1-1: Called Strike
1-2: Strikes out swinging
Bottom of the 9th over - 0 runs, 0 hits, 0 errors, 1 left on base; Bakersfield 4 - Chicago 3
Saturday, May 4th , 2024 - OOTP Baseball 24.11 Build 85